 Dungeon Crawl Stone Soup version 0.27-b1-16-g6517624069 (webtiles) character file.

Game seed: 1308643698628914320

38 wheatie the Sneak (level 3, -2/35 HPs)
             Began as a Troll Brigand on July 26, 2021.
             Slain by a ball python (3 damage)
             ... on level 2 of the Dungeon.
             The game lasted 00:07:30 (706 turns).

wheatie the Sneak (Troll Brigand)                    Turns: 706, Time: 00:07:30

Health: -2/35      AC:  5    Str: 19    XL:     3   Next: 25%
Magic:  2/2        EV:  9    Int:  7    God:
Gold:   52         SH:  0    Dex: 12    Spells: 2/2 levels left

rFire    . . .     SeeInvis .   (no weapon)
rCold    . . .     Faith    .   (no shield)
rNeg     . . .     Spirit   .   b - +0 robe
rPois    .         Reflect  .   (helmet restricted)
rElec    .         Harm     .   c - +0 cloak
rCorr    .         Rampage  .   (gloves unavailable)
Will     .....                  (boots unavailable)
Stlth    ++........             (no amulet)
HPRegen  1.11/turn              (no ring)
MPRegen  0.08/turn              (no ring)

@: no status effects
A: large, unfitting armour, claws 3, regeneration 1, shaggy fur 1, tough skin 1
a: no special abilities


You were on level 2 of the Dungeon.
You visited 1 branch of the dungeon, and saw 2 of its levels.

You collected 52 gold pieces.

Inventory:

Hand Weapons
 a - a +2 dagger
Missiles
 d - 5 poisoned darts (quivered)
 e - 2 curare-tipped darts
Armour
 b - a +0 robe (worn)
 c - a +0 cloak (worn)
Magical Staves
 f - a staff of earth
Potions
 h - a potion of invisibility
 i - a potion of berserk rage {unknown}
 k - a potion of cancellation {unknown}


   Skills:
 + Level 1.8 Fighting
 + Level 1.7 Short Blades
 + Level 2.0 Throwing
 + Level 0.9 Dodging
 + Level 2.6 Stealth
 + Level 0.2 Unarmed Combat


You had 2 spell levels left.
You didn't know any spells.
Your spell library was empty.

Dungeon Overview and Level Annotations

Branches:
Dungeon (2/15)

Altars:


Innate Abilities, Weirdness & Mutations

You are too large for most types of armour.
You have claws for hands.
Your natural rate of healing is unusually fast.
You are covered in fur. (AC +1)
You have tough skin. (AC +1)


Message History

You are too injured to fight recklessly!
You are too injured to fight recklessly!
You are too injured to fight recklessly!
You are too injured to fight recklessly!
You are too injured to fight recklessly!
You are too injured to fight recklessly!
You barely miss the ball python. The gnoll hits you with a +0 flail.
The ball python bites you but does no damage.
The gnoll hits you with a +0 flail!
* * * LOW HITPOINT WARNING * * *
You barely miss the gnoll.
A gnoll comes into view. It is wielding a +0 club.
The gnoll hits you but does no damage.
The ball python bites you but does no damage.
The gnoll barely misses you.
The gnoll shouts!
You scratch the gnoll.
The gnoll is moderately wounded.
You hear a shout! x3
The ball python bites you.
* * * LOW HITPOINT WARNING * * *
The gnoll barely misses you. The gnoll hits you with a +0 flail.
* * * LOW HITPOINT WARNING * * *
As you read the scroll labelled WATOATSU WITI, it crumbles to dust.
The creatures around you are filled with an inner flame!
It was a scroll of immolation.
The ball python bites you but does no damage.
The gnoll barely misses you. The gnoll hits you with a +0 flail.
* * * LOW HITPOINT WARNING * * *
A gnoll shaman comes into view. It is wielding a +0 club.
The ball python misses you. The gnoll barely misses you.
The ball python barely misses you.
As you read the scroll labelled LIC UW YDD, it crumbles to dust.
It is a scroll of identify.
h - a potion of invisibility A gnoll comes into view.
It is wielding a +0 whip.
The gnoll hits you with a +0 flail.
* * * LOW HITPOINT WARNING * * *
The ball python bites you.
You die...

#. .. ## .###.
.# ....#.. ...(.
#(#.# #...# 8
#.>#
g..≈###gg######
≈g.≈≈g≈@S......#
≈..≈≈≈≈≈≈≈...≈≈≈
≈..≈≈≈≈≈≈≈≈≈≈≈≈≈
≈..≈≈≈≈≈≈≈≈≈≈≈≈≈
8..8!≈≈≈≈≈≈≈≈≈≈≈
8..8####≈≈≈≈≈≈≈#
.... ##....<.#
..! ......


You could see a gnoll shaman, 4 gnolls and a ball python (inner flame).

Vanquished Creatures
  2 gnolls
  A dart slug (D:1)
  2 endoplasms (D:1)
  A giant cockroach (D:1)
  4 hobgoblins (D:1)
  2 ball pythons (D:1)
  A bat (D:1)
  A frilled lizard (D:1)
  A kobold (D:1)
  4 rats (D:1)
19 creatures vanquished.

Notes
Turn   | Place    | Note
-------+----------+-------------------------------------------
     0 | D:1      | wheatie the Troll Brigand began the quest for the Orb.
     0 | D:1      | Reached XP level 1. HP: 19/19 MP: 0/0
   216 | D:1      | Reached XP level 2. HP: 13/28 MP: 1/1
   630 | D:1      | Reached XP level 3. HP: 35/35 MP: 2/2
   706 | D:2      | HP: 1/35 [gnoll (6)]
   706 | D:2      | Slain by a ball python

Illustrated notes

Levels and vault maps discovered:
D:1:      ebering_trefoil_twist, layout_loops_ring, chequers_jeans
D:2:      wander_river, layout_rooms, grunt_ministairs_5

Skill      XL: |  1  2  3 |
---------------+----------+-----
Throwing       | 2 |  2.0
Fighting       | |  1.8
Short Blades   | |  1.7
Dodging        | |  0.9
Stealth        | |  2.6
Unarmed Combat | |  0.2

Action                   || total
-------------------------++-------
Melee: Unarmed           ||    46
Throw: Dart              ||    11
  Use: Scroll            ||     3
Armor: Robe              ||    15
Dodge: Dodged            ||    23
